 Dungeon Crawl Stone Soup version 0.27.0-1-g7a089689b8 (webtiles) character file.

Game seed: 3817343857094333081

6484 Malachi the Thaumaturge (level 11, -4/74 HPs)
             Began as a Djinni Ice Elementalist on Aug 13, 2021.
             Was a High Priest of Lugonu.
             Slain by a vampire mosquito (11 damage)
             ... on level 10 of the Dungeon.
             The game lasted 00:24:32 (16541 turns).

Malachi the Thaumaturge (Djinni Ice Elementalist)  Turns: 16541, Time: 00:24:32

Health: -4/74      AC:  2    Str: 10    XL:     11   Next: 19%
Gold:   514        EV: 14    Int: 20    God:    Lugonu [*****.] SH:  0 Dex: 14

rFire    + + .     SeeInvis .   x - staff of poison
rCold    + . .     Faith    .   (no shield)
rNeg     . . .     Spirit   .   p - +0 robe of Zumarrig {rC++ Str+3 Stlth-}
rPois    ∞         Reflect  .   (no helmet)
rElec    .         Harm     .   (no cloak)
rCorr    +         Rampage  .   (no gloves)
Will     +....                  (boots unavailable)
Stlth    ++........             (no amulet)
HPRegen  0.22/turn              k - ring of resist corrosion
MPRegen  0.00/turn              (no ring)

@: flying
A: sickness immunity, fire resistance 2, cold vulnerability 1, float, innate
caster, hp casting, extra vitality 1
a: Renounce Religion, Depart the Abyss, Bend Space, Banish, Corrupt, Enter the
Abyss


You were on level 10 of the Dungeon.
You worshipped Lugonu.
Lugonu was extremely pleased with you.
You visited 1 branch of the dungeon, and saw 10 of its levels.
You also visited: Sewer and Ossuary.

You collected 702 gold pieces.
You spent 188 gold pieces at shops.

Inventory:

Hand Weapons
 h - a +7 spectral club
 w - a +4 long sword
Armour
 a - a +0 robe
 j - a +3 buckler
 p - the +0 robe of Zumarrig (worn) {rC++ Str+3 Stlth-}
   (You bought it in a shop on level 5 of the Dungeon)

   Str:       It affects your strength (+3).
   rC:        It greatly protects you from cold.
   Stlth:     It makes you less stealthy.
Magical Staves
 x - a staff of poison (weapon)
Jewellery
 k - a ring of resist corrosion (left hand)
 l - a +6 ring of dexterity
Wands
 d - a wand of digging (7)
 e - a wand of paralysis (17)
 f - a wand of mindburst (29)
 u - a wand of iceblast (7)
 z - a wand of polymorph (6)
Scrolls
 b - 5 scrolls of teleportation
 o - 2 scrolls of identify
 q - a scroll of fog
 s - 4 scrolls of fear
 y - a scroll of magic mapping
Potions
 c - a potion of resistance
 g - 2 potions of attraction
 i - a potion of haste
 m - 5 potions of curing
 n - 3 potions of might
 r - a potion of berserk rage
 v - 3 potions of heal wounds
Miscellaneous
 t - a piece from Xom's chessboard (15/15)


   Skills:
 + Level 4.5 Fighting
 + Level 4.7 Maces & Flails
 + Level 6.2 Dodging
 + Level 5.3 Stealth
 + Level 0.1 Unarmed Combat
 + Level 10.0 Spellcasting


You had 5 spell levels left.
You knew the following spells:

 Your Spells              Type           Power      Damage    Failure   Level
a - Freeze                Ice            100%       1d11      1%          1
b - Frozen Ramparts       Ice            100%       1d12      1%          3
c - Ozocubu's Armour      Ice            50%        N/A       1%          3
d - Hailstorm             Conj/Ice       50%        3d11      1%          4
e - Apportation           Tloc           100%       N/A       1%          1
f - Blink                 Tloc           N/A        N/A       1%          2
g - Stone Arrow           Conj/Erth      100%       3d13      1%          3
h - Olgreb's Toxic Radia  Pois           66%        N/A       1%          4
i - Animate Dead          Necr           25%        N/A       1%          4
Your spell library was empty.

Dungeon Overview and Level Annotations

Branches:
Dungeon (10/15)            Temple (0/1) D:6           Sewer (visited)
Ossuary (visited)
   Lair: D:8-11         Orc: D:9-12

Altars:
Ashenzari
Xom
Lugonu

Shops:
D:1 (   D:4 =   D:5 [   D:9 [


Innate Abilities, Weirdness & Mutations

You are immune to sickness and miasma.
You are immune to poison.
Your flesh is very heat resistant. (rF++)
You are vulnerable to cold. (rC-)
You float through the air rather than walking.
You learn spells naturally, not from books.
Your magical power is your life essence.
You have superior vitality. (+4 HP)


Message History

* * * LOW HITPOINT WARNING * * *
The vampire mosquito bites you.
* * * LOW HITPOINT WARNING * * *
The vampire mosquito misses you. The vampire mosquito bites you!
* * * LOW HITPOINT WARNING * * *
Your Spellcasting skill increases to level 10!
Casting: Stone Arrow (safe; 1% risk of failure)
Confirm with . or Enter, or press ? or * to list all spells.
Aiming: Stone Arrow (safe; 1% risk of failure)
Press: ? - help, Shift-Dir - straight line, f - vampire mosquito
Aim: a vampire mosquito (63% to hit)
Okay, then.
Unknown command.
You feel much better. The vampire mosquito misses you.
The vampire mosquito closely misses you.
The vampire mosquito completely misses you.
The vampire mosquito bites you!
* * * LOW HITPOINT WARNING * * *
Casting: Stone Arrow (safe; 1% risk of failure)
Confirm with . or Enter, or press ? or * to list all spells.
Aiming: Stone Arrow (safe; 1% risk of failure)
Press: ? - help, Shift-Dir - straight line, f - vampire mosquito
Aim: a vampire mosquito (63% to hit)
The stone arrow hits the vampire mosquito!
The vampire mosquito is severely damaged.
* * * LOW HITPOINT WARNING * * *
The vampire mosquito bites you!
* * * LOW HITPOINT WARNING * * *
The vampire mosquito closely misses you. x3
Casting: Stone Arrow (safe; 1% risk of failure)
Confirm with . or Enter, or press ? or * to list all spells.
Aiming: Stone Arrow (safe; 1% risk of failure)
Press: ? - help, Shift-Dir - straight line, f/p - vampire mosquito
Aim: a vampire mosquito (severely damaged, 63% to hit)
The stone arrow hits the vampire mosquito!!
You destroy the vampire mosquito!
Lugonu accepts your kill.
* * * LOW HITPOINT WARNING * * *
The vampire mosquito bites you!
You die...

#################
.......†y..>.....
.......†@...#
###..#####..# #
#..# #..# #..#
#<.# #..# #..#
#..#


You could see a vampire mosquito.

Vanquished Creatures
  A wyvern (D:9)
  5 yaks
  A steam dragon (D:9)
  Eustachio (D:5)
  3 vampire mosquitoes (D:10)
  2 water moccasins
  2 ice beasts
  4 orc warriors
  2 sky beasts
  2 necrophages
  A black bear (D:6)
  2 ogres
  3 centaurs
  A phantom (D:5)
  A kobold brigand (D:10)
  A gnoll sergeant (D:6)
  2 elf zombies (Ossuary)
  3 bullfrogs
  A water moccasin zombie (D:5)
  3 scorpions
  3 wyvern skeletons
  2 water moccasin skeletons
  8 killer bees
  13 wights
  6 howler monkeys
  4 centaur zombies
  A hound (D:4)
  6 jellies
  2 human zombies (Ossuary)
  2 orc priests
  4 iguanas
  A bullfrog skeleton (D:6)
  Jessica (D:2)
  7 orc wizards
  A killer bee zombie (D:5)
  2 mummies (Ossuary)
  3 howler monkey skeletons
  3 howler monkey zombies
  10 gnolls
  9 adders
  5 shadow imps
  A white imp (D:8)
  6 worms
  2 dart slugs
  18 orcs
  6 ball pythons
  12 endoplasms
  8 giant cockroaches
  7 goblins
  4 hobgoblins
  14 jackals
  10 kobolds
  7 quokkas
  11 bats
  4 frilled lizards
  4 goblin zombies (Ossuary)
  10 hobgoblin zombies (Ossuary)
  2 jackal zombies (Ossuary)
  10 kobold zombies (Ossuary)
  6 orc zombies (Ossuary)
  10 rats
286 creatures vanquished.

Vanquished Creatures (collateral kills)
  A necrophage (D:4)
  An adder skeleton (D:4)
  A worm (D:4)
  A goblin (D:4)
  A hobgoblin (D:4)
5 creatures vanquished.

Vanquished Creatures (others)
  A plant (D:6)
1 creature vanquished.

Grand Total: 292 creatures vanquished

Notes
Turn   | Place    | Note
-------+----------+-------------------------------------------
     0 | D:1      | Malachi the Djinni Ice Elementalist began the quest for the
                  | Orb.
     0 | D:1      | Reached XP level 1. HP: 15/15 MP: 0/0
   141 | D:1      | Found Nistral's Weapon Shoppe.
   213 | D:1      | Reached XP level 2. HP: 16/21 MP: 0/0
   449 | D:1      | Found a faded altar of an unknown god.
   460 | D:1      | Became a worshipper of Lugonu the Unformed
   460 | D:1      | Reached * piety under Lugonu
   460 | D:1      | Reached ** piety under Lugonu
  1216 | D:1      | Reached XP level 3. HP: 24/25 MP: 0/0
  1216 | D:1      | Learned a level 1 spell: Apportation
  1759 | D:2      | Reached skill level 4 in Spellcasting
  2328 | D:2      | Reached XP level 4. HP: 19/31 MP: 0/0
  3072 | D:2      | Reached XP level 5. HP: 27/36 MP: 0/0
  3072 | D:2      | Learned a level 2 spell: Blink
  3320 | D:2      | Noticed Jessica
  3468 | D:2      | Killed Jessica
  4016 | D:3      | Reached *** piety under Lugonu
  4181 | D:3      | Reached XP level 6. HP: 38/41 MP: 0/0
  4238 | D:3      | Reached skill level 1 in Maces & Flails
  4364 | D:4      | Noticed a necrophage
  4372 | D:4      | Killed a necrophage
  4373 | D:4      | Reached skill level 1 in Fighting
  4604 | D:4      | Reached skill level 5 in Spellcasting
  4784 | D:4      | Reached XP level 7. HP: 30/47 MP: 0/0
  4784 | D:4      | Learned a level 3 spell: Stone Arrow
  5382 | D:4      | Found Cuusm's Jewellery Shop.
  5860 | D:5      | Entered Level 5 of the Dungeon
  5876 | D:5      | Noticed Eustachio
  5899 | D:5      | Killed Eustachio
  5900 | D:5      | Reached XP level 8. HP: 11/54 MP: 0/0
  6266 | D:5      | Found a broken altar of Ashenzari.
  6365 | D:5      | Found Lydgh's Antique Armour Emporium.
  6373 | D:5      | Bought a ripped robe for 188 gold pieces
  6373 | D:5      | Identified the +0 robe of Zumarrig {rC++ Str+3 Stlth-} (You
                  | bought it in a shop on level 5 of the Dungeon)
  6480 | D:5      | Found a glowing drain.
  6490 | Sewer    | Entered a sewer
  6496 | Sewer    | Reached **** piety under Lugonu
  7048 | D:5      | Reached skill level 6 in Spellcasting
  7623 | D:5      | Reached XP level 9. HP: 33/59 MP: 0/0
  7623 | D:5      | Learned a level 4 spell: Olgreb's Toxic Radiance
  9150 | D:6      | Reached skill level 5 in Stealth
  9156 | D:6      | Reached skill level 7 in Spellcasting
  9166 | D:5      | Reached skill level 5 in Dodging
  9485 | D:6      | Found a staircase to the Ecumenical Temple.
  9557 | D:6      | Reached XP level 10. HP: 56/67 MP: 0/0
 10130 | D:6      | Reached skill level 8 in Spellcasting
 10487 | D:7      | Reached ***** piety under Lugonu
 11316 | D:8      | Reached skill level 9 in Spellcasting
 11398 | D:8      | Found a sand-covered staircase.
 11575 | Ossuary  | Entered an ossuary
 12729 | D:8      | Found a shimmering altar of Xom.
 14401 | D:9      | Found Gefeomm's Armour Boutique.
 14634 | D:9      | Reached XP level 11. HP: 53/72 MP: 0/0
 14634 | D:9      | Learned a level 4 spell: Animate Dead
 15931 | D:10     | Entered Level 10 of the Dungeon
 16539 | D:10     | Reached skill level 10 in Spellcasting
 16541 | D:10     | Slain by a vampire mosquito

Illustrated notes

Levels and vault maps discovered:
D:1:      minmay_arrival_semitransparent, layout_basic, basic_ecumenical_altar,
          serial_shops, nicolae_shop_crystal
D:2:      layout_loops_cross, uniq_jessica
D:3:      layout_rooms
D:4:      cheibrodos_helix_gallery, layout_basic, serial_shops,
          nicolae_shop_waterfront
D:5:      minmay_chambers_of_fours, layout_cave_pods,
          mainiacjoe_overflow_alcove_4, gup_sewer_entry_bowl, serial_shops,
          shop_statue, uniq_eustachio
D:6:      layout_gridville, minmay_temple_entry_mist, serial_bayou_pond_e
D:7:      layout_cave_pools, serial_glass, glass_columns_c, glass_columns_b
D:8:      layout_loops_corners, mainiacjoe_overflow_tiny_flanked,
          enter_ossuary_1, lemuel_flamethrower_2
D:9:      layout_basic, serial_shops, nicolae_shop_statue_plus
D:10:     layout_long_grid

Skill      XL: |  1  2  3  4  5  6  7  8  9 10 11 |
---------------+----------------------------------+-----
Spellcasting   | 4 5 6 7 9 10 | 10.0
Stealth        | 2 3 4 5 |  5.3
Maces & Flails | 1 2 3 4 |  4.7
Fighting       | 1 2 3 4 |  4.5
Dodging        | 3 4 5 6 |  6.2
Unarmed Combat | |  0.1

Action                   |  1- 3 |  4- 6 |  7- 9 | 10-12 || total
-------------------------+-------+-------+-------+-------++-------
Melee: Unarmed           |    11 |     3 |       |       ||    14
       Club              |       |    53 |   102 |    77 ||   232
 Cast: Freeze            |    48 |    19 |     9 |     2 ||    78
       Frozen Ramparts   |     1 |     6 |    15 |     2 ||    24
       Ozocubu's Armour  |       |     2 |     1 |     2 ||     5
       Stone Arrow       |       |       |    24 |   116 ||   140
       Olgreb's Toxic Ra |       |       |    11 |    34 ||    45
       Blink             |       |       |     2 |     7 ||     9
Invok: Bend Space        |     1 |       |       |       ||     1
  Use: Scroll            |       |     8 |     9 |     4 ||    21
       Potion            |       |     1 |     1 |     5 ||     7
 Stab: Sleeping          |     1 |     4 |     2 |       ||     7
       Distracted        |       |     1 |     2 |     2 ||     5
Armor: Robe              |     5 |    13 |    25 |    14 ||    57
Dodge: Dodged            |    28 |    40 |    83 |    68 ||   219
